 Dungeon Crawl Stone Soup version 0.30-a0-170-g85af917532 (webtiles) character file.

Game seed: 4771202186463544147

4 Anon1729 the Ducker (level 1, -1/18 HPs)
             Began as a Merfolk Monk on Sept 30, 2022.
             Slain by a kobold
             ... wielding a +2 antimagic dagger
              (3 damage)
             ... on level 1 of the Dungeon.
             The game lasted 00:00:13 (262 turns).

Anon1729 the Ducker (Merfolk Monk)                   Turns: 262, Time: 00:00:13

Health: -1/18      AC:  2    Str: 11    XL:     1   Next: 70%
Magic:  0/1        EV: 14    Int:  9    God:
Gold:   14         SH:  0    Dex: 16    Spells: 0/0 levels left

rFire   . . .      SeeInvis .    a - +0 short sword
rCold   . . .      Faith    .    (no shield)
rNeg    . . .      Spirit   .    b - +0 robe
rPois   .          Reflect  .    (no helmet)
rElec   .          Harm     .    (no cloak)
rCorr   .          Rampage  .    (no gloves)
Will    .....                    (no boots)
Stlth   ++........               (no amulet)
HPRegen 0.06/turn                (no ring)
MPRegen 0.07/turn                (no ring)

@: no status effects
A: (nimble swimmer 2), mertail
a: no special abilities


You were on level 1 of the Dungeon.
You visited 1 branch of the dungeon, and saw 1 of its levels.

You collected 14 gold pieces.

Inventory:

Hand Weapons
 a - a +0 short sword (weapon)
Armour
 b - a +0 robe (worn)
Scrolls
 d - a scroll of enchant weapon {unknown}
 e - a scroll of identify {unknown}
 f - a scroll of poison {unknown}
 g - 3 scrolls of acquirement {unknown}
Potions
 c - a potion of ambrosia


   Skills:
 + Level 3.3 Fighting
 + Level 3.7 Short Blades
 + Level 4.1 Dodging
 + Level 2.3 Stealth


You couldn't memorise any spells.
You didn't know any spells.
Your spell library was empty.

Dungeon Overview and Level Annotations

Branches:
Dungeon (1/15)

Altars:


Innate Abilities, Weirdness & Mutations

((You are very nimble when in or above water. (Stealth+, EV+, Speed+++)))
Your lower body shifts to a powerful aquatic tail in water.


Message History

The helpless goblin fails to defend itself.
You puncture the goblin!
You kill the goblin!
You barely miss the frilled lizard. The frilled lizard closely misses you.
You hit the frilled lizard.
You kill the frilled lizard!
The kobold shouts!
You hit the kobold but do no damage.
The kobold hits you with a +2 antimagic dagger.
You feel your power leaking away.
A kobold is nearby!
A kobold is nearby!
You barely miss the kobold. The kobold closely misses you.
You closely miss the kobold.
The kobold hits you with a +2 antimagic dagger.
You hit the kobold but do no damage.
The kobold hits you with a +2 antimagic dagger.
You are too injured to fight recklessly!
You are too injured to fight recklessly!
You are too injured to fight recklessly!
You are too injured to fight recklessly!
You are too injured to fight recklessly!
You are too injured to fight recklessly!
You are too injured to fight recklessly!
You are too injured to fight recklessly!
You are too injured to fight recklessly!
You are too injured to fight recklessly!
A kobold is nearby!
You closely miss the kobold. You hit the kobold but do no damage.
The kobold hits you with a +2 antimagic dagger.
* * * LOW HITPOINT WARNING * * *
You hit the kobold.
The kobold is severely wounded.
The kobold hits you with a +2 antimagic dagger.
* * * LOW HITPOINT WARNING * * *
You hit the kobold but do no damage.
The kobold is severely wounded.
The kobold hits you with a +2 antimagic dagger.
You die...

#..........###.
###.....##..>..
##...#######. # ## ##.##
#.. # #. .# #.# #..
.##.###.# #.# #.#
.....#.# ##'## #.#
#.#.#K# ##...## #.#
#...@.###.....## #.#
##.#.####.......## #..
###..†.###..[......###..
#........'.........'....
#.#.)...##.........####.
# ##.#..###.......## #.
###..# ##.....## ## ...#
##...## .##.# ##'##


You could see a kobold.

Vanquished Creatures
  2 goblins (D:1)
  2 frilled lizards (D:1)
  A rat (D:1)
5 creatures vanquished.

Notes
Turn   | Place    | Note
-------+----------+-------------------------------------------
     0 | D:1      | Anon1729 the Merfolk Monk began the quest for the Orb.
     0 | D:1      | Reached XP level 1. HP: 18/18 MP: 1/1
   262 | D:1      | Slain by a kobold

Illustrated notes

Levels and vault maps discovered:
D:1:      enne_arrival_octagon_isle, layout_loops_corners, grunt_decor_cap

Action                   || total
-------------------------++-------
Melee: Short sword       ||    25
 Stab: Sleeping          ||     2
Armor: Robe              ||     1
Dodge: Dodged            ||     9

Table legend: (Time is in decaauts)
 A = Elapsed time spent in this place.
 B = Non-inter-level travel time spent in this place.
 C = Inter-level travel time spent in this place.
 D = Time resting spent in this place.
 E = Time spent auto-exploring this place.
 F = Levels seen in this place.
 G = Mean time per level.
                   A        B        C        D        E       F      G
               +--------+--------+--------+--------+--------+-----+--------+
         Total |    257 |    257 |      0 |      0 |    209 |   1 |  257.0 |
       Dungeon |    257 |    257 |      0 |      0 |    209 |   1 |  257.0 |
               +--------+--------+--------+--------+--------+-----+--------+

Top non-repeatable levels by time:
     D:1: 257 daAuts
